 Dungeon Crawl Stone Soup version 0.30-b1-2-g02819fbbbe (webtiles) character file.

Game seed: 4073552699733865652

114 Alarkh the Sneak (level 4, 35/35 HPs)
             Began as a Demonspawn Delver on May 22, 2023.
             Got out of the dungeon alive.
             The game lasted 00:01:47 (1227 turns).

Alarkh the Sneak (Demonspawn Delver)                Turns: 1227, Time: 00:01:48

Health: 35/35      AC:  3    Str: 12    XL:     4   Next: 66%
Magic:  4/4        EV: 11    Int: 14    God:
Gold:   113        SH:  0    Dex: 14    Spells: 3/3 levels left

rFire   . .          .
                       - Unarmed
rCold   . . .        (no shield)
rNeg    . . .        a - +0 leather armour
rPois   .            (no helmet)
rElec   .            (no cloak)
rCorr   .            (no gloves)
SInv    .            (no boots)
Will    .....        i - amulet of the acrobat
Stlth   ++           (no ring)
HPRegen 0.25/turn    (no ring)
MPRegen 0.09/turn

%: acrobat
@: no status effects
A: foul stench 1, demonic touch 1
a: no special abilities


You escaped.
You visited 1 branch of the dungeon, and saw 5 of its levels.

You collected 113 gold pieces.

Inventory:

Armour
 a - a +0 leather armour (worn)
Jewellery
 i - an amulet of the acrobat (around neck)
Wands
 f - a wand of digging (3)
 h - a wand of flame (16)
Scrolls
 b - a scroll of fog
 c - a scroll of magic mapping
 d - 2 scrolls of fear
 g - a scroll of vulnerability {unknown}
 j - 6 scrolls of identify {unknown}
 k - a scroll of teleportation {unknown}
Potions
 e - a potion of haste
 l - a potion of heal wounds
 m - a potion of curing {unknown}


   Skills:
 - Level 3.0 Fighting
 - Level 1.7 Dodging
 - Level 4.5 Stealth
 + Level 4.5 Unarmed Combat


You had 3 spell levels left.
You didn't know any spells.
Your spell library was empty.

Dungeon Overview and Level Annotations

Branches:
Dungeon (5/15)
 Temple: D:4-7

Altars:

Shops:
D:5 ?

Annotations:
D:4 1 transporter, xelsha's ghost, novice TrHW


Innate Abilities, Weirdness & Mutations

You may rarely emit foul miasma when damaged in melee.
Your touch may inflict minor irresistible damage on your foes.


Message History

There is a stone staircase leading down here.
A bat is nearby!
The bat closely misses you. The bat misses you.
You hit the bat.
The bat is heavily wounded.
The bat hits you but does no damage. The bat misses you.
You barely miss the bat. Your touch misses the bat.
The bat is heavily wounded.
The bat hits you but does no damage. The bat completely misses you. x2
You barely miss the bat. Your touch misses the bat.
The bat is heavily wounded.
The bat hits you but does no damage. x2
You hit the bat.
You kill the bat!
No target in view!
You see here a bat corpse.
You open the door.
Found the demonspawn corpse of Alarkh.
There is an open door here.
Found a staircase leading out of the dungeon.
There is an open door here.
You now have 113 gold pieces (gained 11).
A ball python comes into view.
A ball python is nearby!
A ball python is nearby!
The ball python hisses angrily.
The ball python completely misses you. The ball python closely misses you.
The ball python completely misses you. The ball python barely misses you.
You barely miss the ball python.
You touch the ball python.
You kill the ball python!
No target in view!
No target in view!
No target in view!
No target in view!
No target in view!
There is an open door here.
There is a staircase leading out of the dungeon here.
Are you sure you want to leave the Dungeon?
This will make you lose the game!
You have escaped!

##.# ###'### #..#.##..... ##..#
#.....###..#.##.#.#. ##.#^##
#.....#.........#.#.
#.#...########.....###..#.####>#.
.............#.###.# #..#.# #.#.
..#...######.#.#†#.# #..#.# #.#.
.#.#.#######.#.###.# #..#.####...
.............#.....###...........
###.#.######.#..@..#...##.#......
#.#.# #.#.....##..#.......).
#.#.# #.########...#......).
#.#.# #.#.................##
#.#.# ##.#####.##..##......#
###.#.#####............###.....##
........)....#.######.#.###......
.##...#.####.#.# #.##.#.#.>.##
#...#.#.# #.#.# #.###.###.###


There were no monsters in sight!

Vanquished Creatures
  2 hounds (D:4)
  A sleepcap (D:4)
  A bat (D:1)
  3 goblins (D:1)
  3 hobgoblins
  4 jackals (D:4)
  3 kobolds
  2 quokkas (D:1)
  3 ball pythons (D:1)
  5 rats (D:1)
27 creatures vanquished.

Notes
Turn   | Place    | Note
-------+----------+-------------------------------------------
     0 | D:5      | Alarkh the Demonspawn Delver began the quest for the Orb.
     0 | D:5      | Reached XP level 1. HP: 18/18 MP: 1/1
    17 | D:5      | Noticed a scorpion
    45 | D:5      | Found Kyoschosa's Magic Scroll Shoppe.
    72 | D:5      | Noticed a black bear
    92 | D:5      | Noticed an ogre
    97 | D:4      | Noticed a hound
    97 | D:4      | Noticed a hound
   108 | D:4      | Killed a hound
   109 | D:4      | Gained mutation: Your touch may inflict minor irresistible
                  | damage on your foes. [demonic ancestry]
   109 | D:4      | Reached XP level 2. HP: 15/24 MP: 2/2
   109 | D:4      | Reached XP level 3. HP: 19/29 MP: 3/3
   274 | D:4      | Noticed xelsha's ghost (novice TrHW)
   379 | D:4      | Gained mutation: You may rarely emit foul miasma when
                  | damaged in melee. [demonic ancestry]
   379 | D:4      | Reached XP level 4. HP: 35/35 MP: 4/4
   412 | D:4      | Found a transporter.
  1227 | D:$      | Got out of the dungeon alive.

Illustrated notes

Levels and vault maps discovered:
D:1:      nicolae_arrival_memento_mori, layout_loops_ring
D:2:      layout_basic, minmay_octomino_c4
D:3:      layout_rooms, hellmonk_ecumenical_altar_run_dry
D:4:      layout_loops_corners, gammafunk_ghost_stat_death
D:5:      layout_gridville, dk_xom_monty_hall, minmay_temple_entry_offerings,
          serial_shops, nicolae_shop_statue_plus

Skill      XL: |  1  2  3  4 |
---------------+-------------+-----
Unarmed Combat | 3 4 |  4.5
Fighting       | |  3.0
Dodging        | |  1.7
Stealth        | |  4.5

Action                     |  1- 3 |  4- 6 || total
---------------------------+-------+-------++-------
  Melee: Unarmed           |    17 |    50 ||    67
         Touch             |     3 |     9 ||    12
         Punch             |       |     1 ||     1
    Use: Potion            |     3 |       ||     3
   Stab: Sleeping          |     2 |     2 ||     4
         Distracted        |     1 |       ||     1
 Armour: Leather armour    |     1 |    11 ||    12
  Dodge: Dodged            |    11 |    28 ||    39
